AoeStats
← Stalin

Arena

510050265Analyzed
2v2 RM · 4d ago on Sep 29, 2026· 29m 14s· 4 players
Game mode
Random Map
Map size
Medium (4 player)
Population
200
Speed
Normal
Resources
Standard
Victory
Conquest
Starting age
Dark Age
Ending age
Imperial Age
RankedLock teamsTeams togetherTeam positionsShared explorationLock speedFull tech treeHidden civsTurbo modeCheats
Victory
Defeat
🇲🇾 Koreans · Malaysia
890
+18
🇺🇸 Danes · United States
797
+22
🇺🇸 Turks · United States
965
-59
🇺🇸 Franks · United States
909
-55
说中文
0:41 Loom
12:09 Feudal Age
16:11 Castle Age
14:27 Double-Bit Axe
14:37 Horse Collar
15:16 Town Watch
15:28 Gold Mining
16:03 Fletching
17:29 Bow Saw
21:19 Heavy Plow
24:08 Bodkin Arrow
MrRafJ
11:13 Feudal Age
13:05 Loom
15:25 Castle Age
13:55 Horse Collar
14:39 Double-Bit Axe
17:40 Loom
18:27 Bow Saw
18:41 Light Cavalry
20:09 Scale Barding Armor
21:01 Forging
20:52 Scale Mail Armor
23:18 Iron Casting
23:38 Scale Mail Armor
24:21 Heavy Plow
27:49 Wheelbarrow
28:42 Chain Mail Armor
30:05 Hand Cart
Stalin
12:34 Feudal Age
13:06 Loom
13:09 Double-Bit Axe
18:31 Castle Age
25:18 Bow Saw
SchlonkFl1pper
11:15 Feudal Age
15:06 Castle Age
13:01 Double-Bit Axe
12:59 Horse Collar
16:44 Bow Saw
28:12 Gold Mining
29:44 Scale Barding Armor
29:49 Forging
Connection lost

Rejoining the realm…

Still unreachable

The connection could not be restored.

Session expired

The server has moved on; the page needs a fresh start.